 BcadrenCrawl: Boulder Brew version 0.04.2-15-ge27eb88979 (webtiles) character file.

Game seed: 1519066979285543211, levelgen mode: deterministic

3543 gruber the Fanfare of Bloodshed (level 10, 0/81 HPs) Hill Orc Demonspawn. Began on May 15, 2021. Was a Believer of Makhleb. Slain by an orc knight ... wielding a +0 war axe (20 damage) ... in a bailey. The game lasted 00:13:49 (5266 turns).

gruber the Fanfare of Bloodshed (HODs)              Turns: 5266, Time: 00:13:51

Health: 0/81       AC:  5    Str: 25    XL:     10 ^: 4165
Magic:  0/16       EV: 16    Int:  8    God:    Makhleb [2* [63]]
Gold:   666        SH: 10    Dex: 15    Spells: 3/11 levels left

rFire    + . .     Vision   .   w - +0 hatchet "Korubyr" {elec, rElec rPois rN+ Int-5}
rCold    + . .     Gourm    .   l - +1 heater shield {rC+ rF+}
rNeg     + . .     Faith    .   b - +0 leather armour
rPois    +         Spirit   +   (helmet restricted)
rElec    +         Reflect  .   (no cloak)
rCorr    .         Harm     .   (no gloves)
MR       .....                  (no boots)
Stlth    ++........             u - amulet of rage
HPRegen  0.37/turn              i - ring of poison resistance
MPRegen  0.52/turn              m - ring of slaying

@: mighty, agile, very slightly contaminated, studying Transmutations, very slow
A: antennae 2, thin metallic scales 1, powered by pain 1, magic shield, magic
regeneration
a: Minor Destruction, Renounce Religion, Evoke Berserk Rage


You were in a bailey.
You worshipped Makhleb.
Makhleb was pleased with you.
You were not hungry.

You visited 1 branch of the dungeon, and saw 5 of its levels.
You also visited: Bailey.

You collected 666 gold pieces.

Inventory:

Weapons
 a - a +0 war axe
 w - the +0 hatchet "Korubyr" (weapon) {elec, rElec rPois rN+ Int-5}
   (You found it on level 5 of the Dungeon)

   Occasionally, upon striking a foe, it will discharge some electrical energy
   and cause terrible harm.
   It affects your intelligence (-5).
   It insulates you from electricity.
   It protects you from poison.
   It protects you from negative energy.
   Shields
 l - a +1 heater shield of resistance (shield)
Armour
 b - a +0 leather armour (worn)
 x - the +4 robe of Augmentation {Str+4 Int+4 Dex+4}
   (You took it off a gnoll in a bailey)

   It affects your strength (+4).
   It affects your intelligence (+4).
   It affects your dexterity (+4).
Jewellery
 i - a ring of poison resistance (left hand)
 m - a ring of slaying (right hand)
 u - an amulet of rage (around neck)
Wands
 n - a wand of acid (5)
Scrolls
 c - 2 scrolls of bless item
 g - 2 scrolls of fear
 h - 2 scrolls of enchantment
 j - a scroll of amnesia
 k - 2 scrolls of teleportation
 p - a scroll of magic mapping
 q - 2 scrolls of blinking
Potions
 e - 2 potions of heal wounds
 f - 3 potions of brilliance
 o - a potion of haste
 r - 2 potions of invisibility
 s - a potion of ambrosia
 t - a potion of resistance
 v - a potion of magic
Miscellaneous
 y - a phantom mirror
Comestibles
 d - 12 rations


   Skills:
 - Level 5.1 Fighting
 - Level 8.0 Axes & Hammers
 - Level 2.4 Dodging
 - Level 1.5 Stealth
 - Level 7.2 Shields
 - Level 1.0 Spellcasting
 + Level 5.0 Summonings
 - Level 2.1 Fire Magic
 - Level 3.1 Air Magic
 - Level 2.1 Poison Magic
 - Level 9.0 Invocations


You had 3 spell levels left.
You knew the following spells:

 Your Spells              Type           Power        Failure   Level  Hunger
a - Flame Tongue          Fire           3 (30)       43%         1    ##.....
b - Blink                 Tloc           N/A          86%         2    ###....
c - Mephitic Cloud        Pois/Air       4 (100)      75%         3    ####...
d - Call Imp              Summ           8 (100)      22%         2    ###....

Your spell library contained the following spells:

 Spells                   Type           Power        Failure   Level  Hunger
 Recall                   Summ/Tloc      N/A          77%         3    ####...
 Conjure Flame            Fire           3 (100)      80%         3    ####...
 Slow                     Hex            0 (100)      86%         2    ###....
 Aura of Abjuration       Summ           8 (200)      99%         5    ######.
 Summon Forest            Summ/Erth      4 (200)      100%        5    ######.
 Summon Mana Viper        Summ/Pois      6 (100)      100%        5    ######.
 Shadow Creatures         Summ           N/A          100%        6    #######


Dungeon Overview and Level Annotations

Branches:
Dungeon (5/8)              Temple (0/1) D:4          Bailey (1/1)
   Lair: D:5

Altars:
Ashenzari
Elyvilon
Makhleb
Okawaru
Zin

Shops:
D:3 %


Innate Abilities, Weirdness & Mutations

You have a pair of antennae on your head.
You are partially covered in thin metallic scales. (AC +2)
You sometimes gain a little power by taking damage.
When hurt, damage is shared between your health and your magic reserves.
You regenerate magic rapidly.


Message History

Okay, then.
You feel much better.
Your crimson imp hits the orc knight but does no damage.
The orc knight hits you with a war axe (28)!!
* * * LOW HITPOINT WARNING * * *
The orc knight hits the giant blowfly with a war axe (9)!
The orc knight hits your crimson imp with a war axe (7)!
The orc knight hits your crimson imp with a war axe (11)!
Your crimson imp hits the orc knight but does no damage.
Casting: Call Imp (safe; 22% risk of failure)
Confirm with . or Enter, or press ? or * to list all spells.
Okay, then.
Unknown command.
You swap places.
You enter the shallow water.
Moving in this stuff is going to be slow.
The sentinel's mark upon you fades away.
Your crimson imp blinks!
Your crimson imp barely misses the orc knight (0).
The orc knight hits you with a war axe (25)!!
You die...

###....?..# ####...?..∩..#
####...?.........
###.........≈≈≈≈≈≈≈
##.......≈≈≈≈≈≈≈≈≈≈≈
##......≈≈≈≈≈########
###....≈≈≈≈≈≈≈∩#.......
≈≈###≈≈≈≈≈≈≈b≈≈.####.......
≈≈≈≈≈≈≈≈≈≈≈@.b.).#..####'###
##≈≈≈≈≈≈#..o...###..o.{).o..
#########.5...#.'..####'###
##...§..)###))#.......
#...5.⌠....#[.#.......
##.......))#)##.......
##.......))).########
####........).......
#############.###


You could see an orc knight and 2 friendly crimson imps.

Vanquished Creatures
  An orc knight (Bailey)
  5 orc warriors
  A phantom (D:4)
  A scorpion (D:3)
  2 porcupines (D:4)
  A black bear (D:4)
  2 ogres (D:3)
  A crocodile (D:2)
  4 big kobolds (D:2)
  4 bullfrogs
  3 crimson imps
  A gnoll shaman (D:3)
  3 hounds (D:4)
  6 jellies (D:2)
  6 orc wizards
  4 worker ants (D:3)
  8 giant cockroaches
  A bullfrog zombie (D:4)
  2 bullfrog skeletons (D:4)
  A shadow imp (D:3)
  8 adders
  13 gnolls
  6 sewer rats (D:2)
  11 cinder newts
  4 worms (D:2)
  2 oozes
  2 dart slugs
  7 leopard geckos
  16 orcs
  2 ball pythons (D:2)
  9 bats
  5 goblins
  7 hobgoblins
  3 jackals (D:3)
  2 goblin skeletons (D:2)
  35 kobolds
  A kobold skeleton (D:2)
  2 leopard gecko skeletons
  8 rats
  A rat skeleton (D:2)
  6 withered plants (D:2)
207 creatures vanquished.

Vanquished Creatures (collateral kills)
  A gnoll (Bailey)
  2 kobolds (Bailey)
3 creatures vanquished.

Vanquished Creatures (others)
  A jelly (D:2)
  A giant cockroach (D:2)
  A bullfrog skeleton (D:4)
  A ball python (D:2)
  2 giant blowflies (D:3)
  96 withered plants (D:2)
102 creatures vanquished.

Grand Total: 312 creatures vanquished

Notes
Turn   | Place    | Note
-------+----------+-------------------------------------------
     0 | D:1      | gruber the Hill Orc Demonspawn began the quest for the Orb.
     0 | D:1      | Reached XP level 1. HP: 16/16 MP: 3/3
    17 | D:1      | Gained mutation: When hurt, damage is shared between your
                  | health and your magic reserves. [demonic ancestry]
    17 | D:1      | Reached XP level 2. HP: 22/23 MP: 4/4
    72 | D:1      | Reached XP level 3. HP: 27/28 MP: 5/5
   144 | D:1      | Reached skill level 5 in Axes & Hammers
   149 | D:1      | Gained mutation: You have a pair of small antennae on your
                  | head. [demonic ancestry]
   149 | D:1      | Reached XP level 4. HP: 35/35 MP: 6/6
   207 | D:1      | Found a shattered altar of Ashenzari.
   242 | D:1      | Learned a level 2 spell: Blink
   432 | D:1      | Gained mutation: You regenerate magic rapidly. [demonic
                  | ancestry]
   432 | D:1      | Reached XP level 5. HP: 40/40 MP: 7/7
   964 | D:2      | Gained mutation: You sometimes gain a little power by
                  | taking damage. [demonic ancestry]
   964 | D:2      | Reached XP level 6. HP: 47/47 MP: 6/8
  1129 | D:2      | Gained mutation: You are partially covered in thin metallic
                  | scales. (AC +2) [demonic ancestry]
  1129 | D:2      | Reached XP level 7. HP: 29/52 MP: 9/9
  1152 | D:2      | Reached skill level 5 in Shields
  2109 | D:2      | Reached XP level 8. HP: 30/59 MP: 6/10
  2731 | D:3      | Found Taoqigej's Food Shoppe.
  2800 | D:3      | Found a white marble altar of Elyvilon.
  2828 | D:3      | Found a burning altar of Makhleb.
  3016 | D:3      | Became a worshipper of Makhleb the Destroyer
  3056 | D:3      | Reached skill level 5 in Invocations
  3071 | D:3      | Reached skill level 6 in Invocations
  3151 | D:3      | Learned a level 3 spell: Mephitic Cloud
  3170 | D:3      | Reached skill level 7 in Invocations
  3215 | D:3      | Reached skill level 8 in Invocations
  3259 | D:3      | Reached skill level 9 in Invocations
  3822 | D:4      | Reached skill level 1 in Air Magic
  3822 | D:4      | Reached skill level 1 in Poison Magic
  3822 | D:4      | Gained mutation: You have a pair of antennae on your head.
                  | [demonic ancestry]
  3822 | D:4      | Reached XP level 9. HP: 61/64 MP: 13/15
  3901 | D:4      | Reached * piety under Makhleb
  4359 | D:4      | Found a staircase to the Ecumenical Temple.
  4400 | D:4      | Found a glowing silver altar of Zin.
  4404 | D:4      | Reached skill level 5 in Fighting
  4422 | D:4      | Found an iron altar of Okawaru.
  4459 | D:5      | Entered Level 5 of the Dungeon
  4463 | D:5      | Found a flagged portal.
  4464 | D:5      | Identified the +0 hatchet "Korubyr" {elec, rElec rPois rN+
                  | Int-5}
  4475 | Bailey   | Entered a bailey
  4481 | Bailey   | Noticed an orc knight
  4507 | Bailey   | Noticed an orc knight
  4585 | Bailey   | Learned a level 2 spell: Call Imp
  4865 | Bailey   | Reached ** piety under Makhleb
  4865 | Bailey   | Reached skill level 1 in Summonings
  5231 | Bailey   | Killed an orc knight
  5231 | Bailey   | Reached skill level 5 in Summonings
  5231 | Bailey   | Reached XP level 10. HP: 42/81 MP: 9/16
  5266 | Bailey   | Slain by an orc knight

Levels and vault maps discovered:
D:1:      saegor_arrival_simple_a, layout_loops_ring,
          nicolae_ashenzari_panopticon
D:2:      layout_sewer, first_ration
D:3:      layout_basic, lemuel_crystal_altar, elyvilon_altar_5, serial_shops,
          nicolae_shop_stone, grunt_ogre_cave
D:4:      layout_roguey, minitemple, lemuel_temple_firewalk_a
D:5:      layout_loops_ring, nicolae_overflow_hidden_temple, slow_altar_1,
          grunt_lair_entry_orc_guard_hut, enter_bailey_2
Bailey:   bailey_axe_4, bailey

Skill      XL: |  1  2  3  4  5  6  7  8  9 |
---------------+----------------------------+-----
Axes & Hammers | 3 4 5 6 8 |  8.0
Shields        | 2 4 7 |  7.2
Invocations    | 9 |  9.0
Air Magic      | 1 3 |  3.1
Poison Magic   | 1 2 |  2.1
Fighting       | 5 |  5.1
Summonings     | 5 |  5.0
Dodging        | |  2.4
Stealth        | |  1.5
Spellcasting   | |  1.0
Fire Magic     | |  2.1

Action                   |  1- 3 |  4- 6 |  7- 9 | 10-12 || total
-------------------------+-------+-------+-------+-------++-------
Melee: War axe           |    20 |    82 |   235 |       ||   337
       Unarmed           |     5 |    24 |     6 |       ||    35
       Hatchet           |       |       |    35 |     1 ||    36
 Cast: Call Imp          |       |       |     8 |     2 ||    10
       Mephitic Cloud    |       |       |     3 |       ||     3
       Blink             |       |       |     1 |       ||     1
Evoke: Wand              |       |       |       |     4 ||     4
  Use: Scroll            |       |       |     1 |     1 ||     2
       Potion            |       |       |       |     1 ||     1
 Stab: Sleeping          |     1 |       |     2 |       ||     3
  Eat: Chunk             |       |       |    12 |       ||    12
       Ration            |       |       |     2 |       ||     2
Armor: Leather armour    |     3 |    19 |    81 |       ||   103
Dodge: Dodged            |    13 |    40 |   167 |       ||   220
Block: Heater shield     |       |    12 |   147 |     2 ||   161
